 Dungeon Crawl Stone Soup version 0.17-a0-1508-ge7f3dc3 (webtiles) character file.

515 amnekian the Slasher (level 7, 0/52 HPs)
             Began as a Human Fighter on July 10, 2015.
             Was an Initiate of Fedhas.
             Killed by divine providence
             ... invoked by an orc priest
              (16 damage)
             ... on level 5 of the Dungeon.
             The game lasted 00:17:37 (3940 turns).

amnekian the Slasher (Human Fighter)                Turns: 3940, Time: 00:17:38

Health: 0/52       AC: 10    Str: 16    XL:     7   Next: 44%
Magic:  7/7        EV:  3    Int:  9    God:    Fedhas [......]
Gold:   54         SH:  9    Dex: 14    Spells: 0 memorised, 6 levels left

rFire  . . .     SeeInvis .     s - +2 dagger (elec)
rCold  . . .     Clarity  .     b - +0 scale mail
rNeg   . . .     SustAt   .     c - +0 shield
rPois  .         Gourm    .     (no helmet)
rElec  .         Spirit   .     m - +0 cloak
rCorr  .         Warding  .     (no gloves)
rMut   .         Stasis   .     (no boots)
MR     .....                    (no amulet)
Stlth  ..........               k - +3 ring of protection
                                f - ring of wizardry

@: constricted, not resistant to hostile enchantments, extremely unstealthy
A: no striking features
a: Renounce Religion


You were on level 5 of the Dungeon.
You worshipped Fedhas.
Fedhas was noncommittal.
You were very hungry.

You visited 2 branches of the dungeon, and saw 6 of its levels.

You collected 114 gold pieces.
You spent 60 gold pieces at shops.

Inventory:

Hand weapons
 a - a +0 long sword
 s - a +2 dagger of electrocution (weapon)
Missiles
 h - 114 stones
 i - 2 tomahawks (quivered)
 j - 26 sling bullets
Armour
 b - a +0 scale mail (worn)
 c - a +0 shield (worn)
 m - a +0 cloak (worn)
 w - a +2 cloak
Jewellery
 f - a ring of wizardry (left hand)
 k - a +3 ring of protection (right hand)
Magical devices
 u - a wand of frost (14)
 z - a wand of flame (28)
Scrolls
 p - 2 scrolls of teleportation
 v - 2 scrolls of enchant weapon {unknown}
 y - a scroll of magic mapping
 A - a scroll of enchant armour {unknown}
 C - a scroll of brand weapon {unknown}
 D - a scroll of recharging {unknown}
Potions
 d - 2 potions of might
 g - 3 potions of curing
 l - 2 potions of magic
 o - a potion of lignification {unknown}
 r - a potion of degeneration {unknown}
 t - 2 potions of poison {unknown}
 x - a potion of invisibility {unknown}
 B - a potion of flight {unknown}
Comestibles
 e - 4 bread rations
 n - 2 meat rations
 q - a slice of pizza


   Skills:
 - Level 3.0 Fighting
 + Level 7.6 Long Blades
 - Level 3.0 Armour
 - Level 3.0 Shields


You had 6 spell levels left.
You didn't know any spells.

Dungeon Overview and Level Annotations

Branches:
Dungeon (5/15)             Temple (1/1) D:4

Altars:
Cheibriados
Dithmenos
Elyvilon
Fedhas
Gozag
Nemelex Xobeh
Qazlal
Ru
Sif Muna
Trog
Xom
Yredelemnul
The Shining One

Shops:
D:4 *   D:5 [*

Annotations:
D:3 Grinder, Sigmund
D:4 Dowan, Duvessa, Menkaure


Message History

The orc wizard mumbles some strange words.
The orc wizard blinks!
You block the ball python's attack. The ball python grabs you.
The ball python constricts you.
You escape the ball python's grasp.
There is a stone staircase leading down here.
You block the ball python's attack. The ball python grabs you.
You stop descending the stairs.
The ball python constricts you.
Unknown command.
Unknown command.
You escape the ball python's grasp.
The ball python bites you but does no damage.
The ball python grabs you.
You stop descending the stairs.
The ball python constricts you.
You barely miss the ball python.
The orc wizard hits you but does no damage.
The orc priest mumbles some strange prayers to Beogh against you.
Something smites you!
You die...
Fedhas appreciates your contribution to the ecosystem.

#..# #..# #K.#
#######..#
........o#
#########o## ..#
#.# #.# #.#
######@######.#
.......oS..oo..#
#######...####.#
###.# #... #.#
#.### #.# #..
#.# ###
######.###
...<......#


You could see an orc priest, an orc wizard, an orc and a ball python.

Vanquished Creatures
  A sky beast (D:5)
  The ghost of namelastname112 the Cutter, an average DrSk (D:3)
  An orc priest (D:5)
  A hound (D:4)
  An orc wizard (D:3)
  Crazy Yiuf (D:4)
  A worker ant (D:4)
  An iguana (D:4)
  Natasha (twice) (D:3)
  A hound skeleton (D:4)
  2 adders
  2 oozes
  A worm (D:2)
  3 giant geckos
  8 orcs
  10 hobgoblins
  4 jackals (D:1)
  2 quokkas
  12 bats
  3 giant cockroaches
  4 giant newts
  4 goblins
  A jackal skeleton (D:5)
  7 kobolds
  A quokka skeleton (D:4)
  7 rats
82 creatures vanquished.

Vanquished Creatures (others)
  8 toadstools
8 creatures vanquished.

Grand Total: 90 creatures vanquished

Notes
Turn   | Place    | Note
--------------------------------------------------------------
     0 | D:1      | amnekian the Human Fighter began the quest for the Orb.
     0 | D:1      | Reached XP level 1. HP: 18/18 MP: 1/1
   173 | D:1      | Reached XP level 2. HP: 24/24 MP: 2/2
   745 | D:1      | Reached XP level 3. HP: 29/29 MP: 3/3
  1306 | D:2      | Found a stormy altar of Qazlal.
  1558 | D:2      | Reached XP level 4. HP: 35/35 MP: 4/4
  1758 | D:3      | Reached skill level 4 in Long Blades
  1770 | D:3      | Noticed Natasha
  1786 | D:3      | Killed Natasha
  1827 | D:3      | Found a faded altar to an unknown god.
  1924 | D:3      | Noticed Grinder
  1971 | D:3      | Noticed namelastname112's ghost (average DrSk)
  2002 | D:3      | Killed namelastname112's ghost
  2002 | D:3      | Reached skill level 5 in Long Blades
  2002 | D:3      | Reached XP level 5. HP: 39/41 MP: 5/5
  2088 | D:4      | Found Ojecalap's General Store.
  2111 | D:4      | Noticed an ogre
  2114 | D:4      | Reached XP level 6. HP: 40/47 MP: 6/6
  2170 | D:3      | Reached skill level 6 in Long Blades
  2462 | D:4      | Found a staircase to the Ecumenical Temple.
  2479 | Temple   | Entered the Ecumenical Temple
  2601 | Temple   | Became a worshipper of Fedhas Madash
  2635 | D:4      | Noticed Crazy Yiuf
  2643 | D:4      | Killed Crazy Yiuf
  2963 | D:4      | Noticed Duvessa
  2963 | D:4      | Noticed Dowan
  3044 | D:4      | Noticed Menkaure
  3062 | D:3      | Noticed Natasha
  3265 | D:3      | Killed Natasha
  3265 | D:3      | Reached XP level 7. HP: 42/52 MP: 7/7
  3381 | D:3      | Reached skill level 7 in Long Blades
  3386 | D:3      | Noticed Sigmund
  3430 | D:5      | Entered Level 5 of the Dungeon
  3576 | D:5      | Found Esievom's Antique Armour Boutique.
  3780 | D:5      | Found Xoumuple's General Store.
  3891 | D:5      | Bought a potion of curing for 30 gold pieces
  3891 | D:5      | Bought a scroll of teleportation for 30 gold pieces
  3940 | D:5      | Killed from afar by an orc priest

Vault maps used:
D:1:      lightli_iron_boxes
D:2:      lemuel_crystal_altar
D:3:      gammafunk_temple_overflow_elements, first_bread, ecumenical_altar_1,
          uniq_sigmund, uniq_natasha, uniq_grinder
D:4:      okawaru_trees_2, temple_green, serial_curves, eino_curves_04,
          eino_curves_02, serial_shops, shop, uniq_menkaure,
          uniq_crazy_yiuf_cottage, uniq_duvessa
D:5:      nicolae_overflow_hidden_temple, serial_shops, nicolae_shop_stone,
          nicolae_shop_overgrown_old_shop, nicolae_shop_waterfront,
          nicolae_shop_overgrown_old_shop, shop_statue, hex_large,
          lemuel_blue_sif_altar, uniq_blork_the_orc
Temple:   circular_temple_12

Action                   |  1- 3 |  4- 6 |  7- 9 || total
-------------------------+-------+-------+-------++-------
Melee: Long sword        |   155 |       |       ||   155
       Dagger            |       |   116 |    72 ||   188
       Unarmed           |       |    25 |       ||    25
  Use: Scroll            |     4 |     1 |       ||     5
       Potion            |       |       |     1 ||     1
  Eat: Chunk             |     2 |     6 |     1 ||     9
